 Dungeon Crawl Stone Soup version 0.26-a0-651-gb41185065b (webtiles) character file.

Game seed: 2791056772067900362

1467 Apogee the Ruffian (level 8, -2/44 HPs)
             Began as a Vine Stalker Fighter on Sept 30, 2020.
             Was a Follower of Okawaru.
             Shot with an arrow by a centaur (5 damage)
             ... on level 5 of the Dungeon.
             The game lasted 00:08:04 (4919 turns).

Apogee the Ruffian (Vine Stalker Fighter)           Turns: 4919, Time: 00:08:04

Health: -2/44      AC: 11    Str: 20    XL:     8   Next: 77%
Magic:  0/9        EV:  5    Int:  8    God:    Okawaru [*.....]
Gold:   180        SH: 10    Dex: 15    Spells: 7/7 levels left

rFire    . . .     SeeInvis .     - Unarmed
rCold    . . .     Faith    .   b - +0 kite shield
rNeg     . . .     Spirit   +   p - +0 chain mail (curse)
rPois    .         Reflect  .   D - +0 helmet
rElec    .         Harm     .   (no cloak)
rCorr    .         Rampage  .   (no gloves)
MR       +....                  (no boots)
Stlth    ..........             (no amulet)
HPRegen  0.54/turn              e - ring of stealth
MPRegen  0.11/turn              (no ring)

@: no status effects
A: fangs 3, regeneration 1, magic shield, antimagic bite, no potion heal 3, rot
immunity
a: Heroism, Renounce Religion


You were on level 5 of the Dungeon.
You worshipped Okawaru.
Okawaru was aware of your devotion.
You visited 2 branches of the dungeon, and saw 7 of its levels.

You collected 180 gold pieces.

Inventory:

Missiles
 B - 26 stones (quivered)
Armour
 a - a +0 scale mail
 b - a +0 kite shield (worn)
 p - a cursed +0 chain mail (worn)
   (You found it on level 1 of the Dungeon)
 C - a +0 plate armour
   (You found it on level 6 of the Dungeon)
 D - a +0 helmet (worn)
   (You found it on level 6 of the Dungeon)
Jewellery
 e - a ring of stealth (left hand)
   (You found it on level 1 of the Dungeon)
 n - a cursed ring of teleportation {unknown}
   (You found it on level 2 of the Dungeon)
 q - an uncursed amulet of faith {unknown}
   (You found it on level 3 of the Dungeon)
 s - an uncursed ring of flight {unknown}
   (You found it on level 3 of the Dungeon)
 y - a cursed -4 ring of strength {unknown}
   (You found it on level 5 of the Dungeon)
Wands
 t - a wand of flame (10)
   (You took it off a goblin on level 2 of the Dungeon)
Scrolls
 c - 2 scrolls of random uselessness {unknown}
 g - a scroll of teleportation {unknown}
 k - 4 scrolls of remove curse {unknown}
 l - a scroll of immolation {unknown}
 m - a scroll of fear {unknown}
 o - 2 scrolls of fog {unknown}
 u - 2 scrolls of magic mapping {unknown}
 v - 3 scrolls of identify {unknown}
 w - a scroll of enchant weapon {unknown}
 z - a scroll of amnesia {unknown}
 A - a scroll of enchant armour {unknown}
Potions
 d - 6 potions of curing {unknown}
 f - 2 potions of haste {unknown}
 h - 2 potions of flight {unknown}
 i - 2 potions of lignification {unknown}
 j - 2 potions of heal wounds {unknown}
 r - a potion of invisibility {unknown}
 x - a potion of mutation {unknown}
 E - a potion of might


   Skills:
 + Level 5.5 Fighting
 + Level 5.0 Armour
 + Level 5.5 Shields
 + Level 5.6 Unarmed Combat


You had 7 spell levels left.
You didn't know any spells.
Your spell library was empty.

Dungeon Overview and Level Annotations

Branches:
Dungeon (6/15)             Temple (1/1) D:6

Altars:
Ashenzari
Cheibriados
Dithmenos
Elyvilon
Fedhas
Gozag
Kikubaaqudgha
Makhleb
Okawaru
Qazlal
Ru
Sif Muna
Trog
Uskayaw
Vehumet
Wu Jian
Xom
Yredelemnul
Zin

Annotations:
D:2 1 runed translucent door, Crazy Yiuf
D:3 2 transporters, PanSaczeczos's ghost, amateur GrWr
D:6 Grinder


Innate Abilities, Weirdness & Mutations

You have razor-sharp teeth.
Your natural rate of healing is unusually fast.
When hurt, damage is shared between your health and your magic reserves.
Your bite disrupts and absorbs the magic of your enemies.
Potions cannot restore your health.
You are immune to rotting.


Message History

You hit the ice beast.
You bite the ice beast, but do no damage.
The ice beast hits you but does no damage.
You barely miss the ice beast. You bite the ice beast. You drain its power.
The ice beast hits you but does no damage.
You barely miss the ice beast. You block the ice beast's attack.
The centaur shouts!
You hit the ice beast. Your bite misses the ice beast. The ice beast hits you.
The ice beast freezes you!
You punch the ice beast! You block the ice beast's attack.
The centaur shoots an arrow.
The arrow barely misses you.
You hit the ice beast. You bite the ice beast. You drain its power.
You feel invigorated.
The centaur shoots an arrow.
The arrow hits you. The ice beast hits you. The ice beast freezes you.
* * * LOW HITPOINT WARNING * * *
You are too injured to fight recklessly!
You are too injured to fight recklessly!
You are too injured to fight recklessly!
The centaur shoots an arrow.
The arrow hits you!
* * * LOW HITPOINT WARNING * * *
The centaur shoots an arrow.
You block the arrow.
You see here 2 arrows.
The centaur unwields a +0 shortbow.
The centaur barely misses you.
You hit the centaur. The centaur hits you.
* * * LOW HITPOINT WARNING * * *
The ice beast hits you but does no damage.
You block the centaur's attack.
The centaur wields a +0 shortbow.
The centaur shoots an arrow.
You block the arrow.
You see here an arrow.
The centaur shoots an arrow.
You block the arrow.
You see here an arrow.
The centaur unwields a +0 shortbow.
You block the centaur's attack.
The centaur wields a +0 shortbow.
The centaur shoots an arrow.
You block the arrow.
The ice beast hits you but does no damage.
You see here an arrow.
The centaur shoots an arrow.
The arrow hits you but does no damage. The ice beast hits you.
* * * LOW HITPOINT WARNING * * *
The ice beast freezes you!
* * * LOW HITPOINT WARNING * * *
You see here an arrow.
The centaur shoots an arrow.
You block the arrow.
You see here an arrow.
Okay, then.
Okay, then.
Okay, then.
The centaur shoots an arrow.
The arrow hits you.
You die...

#............(#....#.##
#...............##.....
........(................
.................#..###.. .
...............(.###.... ..
...............c(..........
........###รท#...Y....#.....
...#c...# #.###.(....#....#
........###..###@........#
.........###(###.....#..#
..........(..##........#
..........c.(#........##
.)####.##....(........#
....##.......<........#
.........#.............#
...#.....#..........#..#
...#..............######


You could see an ice beast and a centaur.

Vanquished Creatures
  Sigmund (D:2)
  A sky beast (D:6)
  An ice beast (D:5)
  A phantom (D:6)
  3 ogres
  2 centaurs (D:6)
  3 bullfrogs (D:6)
  A wyvern skeleton (D:6)
  2 hounds (D:5)
  An orc wizard (D:4)
  A centaur skeleton (D:3)
  Terence (D:2)
  2 iguanas
  A hound skeleton (D:6)
  A worker ant zombie (D:5)
  3 gnolls
  5 adders
  2 shadow imps
  2 ufetubi (D:5)
  An ooze (D:3)
  2 worms (D:3)
  6 leopard geckos
  3 orcs
  2 giant cockroaches
  6 goblins
  4 hobgoblins
  6 jackals
  6 kobolds
  2 quokkas
  4 bats
  3 frilled lizards
  3 rats
82 creatures vanquished.

Notes
Turn   | Place    | Note
-------+----------+-------------------------------------------
     0 | D:1      | Apogee the Vine Stalker Fighter began the quest for the
                  | Orb.
     0 | D:1      | Reached XP level 1. HP: 11/11 MP: 2/2
   270 | D:1      | Reached XP level 2. HP: 11/16 MP: 3/3
  1169 | D:2      | Reached XP level 3. HP: 20/20 MP: 4/4
  1235 | D:2      | Noticed Sigmund
  1239 | D:2      | Killed Sigmund
  1239 | D:2      | Gained mutation: Your natural rate of healing is unusually
                  | fast. [Vine Stalker growth]
  1239 | D:2      | Reached XP level 4. HP: 25/25 MP: 5/5
  1239 | D:2      | Reached XP level 5. HP: 28/28 MP: 6/6
  1240 | D:2      | Noticed Terence
  1249 | D:2      | Killed Terence
  1453 | D:2      | Reached XP level 6. HP: 31/33 MP: 5/7
  1633 | D:2      | Found a runed translucent door.
  1634 | D:2      | Noticed Crazy Yiuf
  2020 | D:3      | Found a transporter.
  2020 | D:3      | Found a transporter.
  2020 | D:3      | Noticed PanSaczeczos's ghost (amateur GrWr)
  2452 | D:3      | Found a glowing silver altar of Zin.
  2816 | D:4      | Found a shimmering altar of Xom.
  3416 | D:5      | Entered Level 5 of the Dungeon
  3433 | D:5      | Reached XP level 7. HP: 35/37 MP: 8/8
  4098 | D:5      | You fall into a shaft and drop 1 floor!
  4171 | D:6      | Found a staircase to the Ecumenical Temple.
  4178 | Temple   | Entered the Ecumenical Temple
  4277 | Temple   | Became a worshipper of Warmaster Okawaru
  4420 | D:6      | Gained mutation: You have razor-sharp teeth. [Vine Stalker
                  | growth]
  4420 | D:6      | Reached XP level 8. HP: 42/42 MP: 9/9
  4581 | D:6      | Reached skill level 5 in Fighting
  4581 | D:6      | Reached skill level 5 in Shields
  4581 | D:6      | Reached skill level 5 in Unarmed Combat
  4769 | D:6      | Reached * piety under Okawaru
  4825 | D:6      | Reached skill level 5 in Armour
  4832 | D:6      | Noticed Grinder
  4916 | D:5      | HP: 1/44 [ice beast (12)]
  4919 | D:5      | Shot with an arrow by a centaur

Illustrated notes

Levels and vault maps discovered:
D:1:      ebering_trefoil_3fold, layout_rooms
D:2:      layout_loops_ring, uniq_terence, uniq_sigmund, uniq_crazy_yiuf_cottage
D:3:      layout_loops_cross, zin_scriptorium, gammafunk_ghost_arena
D:4:      layout_loops_corners, lemuel_round_altar
D:5:      layout_cave_pools
D:6:      layout_basic, minmay_temple_entry_wispy, minmay_hedge_maze,
          uniq_grinder
Temple:   minmay_temple_bridge_d

Skill      XL: |  1  2  3  4  5  6  7  8 |
---------------+-------------------------+-----
Fighting       | 3 4 5 |  5.5
Shields        | 3 4 5 |  5.5
Armour         | 3 4 5 |  5.0
Unarmed Combat | 3 4 5 |  5.6

Action                   |  1- 3 |  4- 6 |  7- 9 || total
-------------------------+-------+-------+-------++-------
Melee: Unarmed           |    84 |   124 |   167 ||   375
       Bite              |    30 |    38 |    60 ||   128
  Use: Potion            |     1 |       |       ||     1
 Stab: Sleeping          |       |     1 |       ||     1
Armor: Scale mail        |    32 |    14 |       ||    46
       Chain mail        |       |    34 |    63 ||    97
Dodge: Dodged            |    21 |    26 |    27 ||    74
Block: Kite shield       |    37 |    39 |    92 ||   168

Table legend: (Time is in decaauts)
 A = Elapsed time spent in this place.
 B = Non-inter-level travel time spent in this place.
 C = Inter-level travel time spent in this place.
 D = Time resting spent in this place.
 E = Time spent auto-exploring this place.
 F = Levels seen in this place.
 G = Mean time per level.
                   A        B        C        D        E       F      G
               +--------+--------+--------+--------+--------+-----+--------+
         Total |   4929 |   4539 |    390 |    528 |   2978 |   7 |  704.1 |
       Dungeon |   4757 |   4439 |    318 |    528 |   2908 |   6 |  792.8 |
        Temple |    172 |    100 |     72 |      0 |     70 |   1 |  172.0 |
               +--------+--------+--------+--------+--------+-----+--------+

Top non-repeatable levels by time:
     D:4: 1150 daAuts
     D:2: 998 daAuts
     D:1: 979 daAuts
     D:3: 602 daAuts
     D:6: 568 daAuts
     D:5: 458 daAuts
  Temple: 172 daAuts
